 Dungeon Crawl Stone Soup version 0.24.1-8-ga250c9d538 (webtiles) character file.

Game seed: 13576505306914202217, levelgen mode: deterministic

652 Gildeon the Cudgeler (level 7, -7/41 HPs)
             Began as a Gargoyle Fighter on May 6, 2020.
             Killed by divine providence
             ... invoked by an orc priest
              (9 damage)
             ... on level 4 of the Dungeon.
             The game lasted 00:10:59 (3180 turns).

Gildeon the Cudgeler (Gargoyle Fighter)             Turns: 3180, Time: 00:11:00

Health: -7/41      AC: 15    Str: 22    XL:     7   Next: 54%
Magic:  7/7        EV:  6    Int:  8    God:
Gold:   152        SH:  9    Dex:  9    Spells: 3/6 levels left

rFire    . . .     SeeInvis .   a - +0 morningstar
rCold    . . .     Gourm    .   c - +0 shield
rNeg     + . .     Faith    .   t - +0 chain mail (curse)
rPois    ∞         Spirit   .   w - +0 helmet
rElec    +         Reflect  .   (no cloak)
rCorr    +         Harm     .   (no gloves)
MR       .....                  (no boots)
Stlth    ..........             (no amulet)
HPRegen  0.13/turn              n - ring of resist corrosion
MPRegen  0.10/turn              (no ring)

@: no status effects
A: negative energy resistance 1, electricity resistance, unbreathing,
petrification resistance, rot immunity, AC +4
a: no special abilities


You were on level 4 of the Dungeon.
You were not hungry.

You visited 1 branch of the dungeon, and saw 4 of its levels.

You collected 152 gold pieces.

Inventory:

Hand Weapons
 a - a +0 morningstar (weapon)
Missiles
 q - 10 boomerangs of dispersal (quivered)
Armour
 c - a +0 shield (worn)
 t - a cursed +0 chain mail (worn)
 w - a +0 helmet (worn)
Jewellery
 n - a ring of resist corrosion (left hand)
Scrolls
 b - 2 scrolls of noise {unknown}
 j - 3 scrolls of teleportation
 l - a scroll of fear {unknown}
 m - 3 scrolls of remove curse
 s - a scroll of random uselessness {unknown}
 u - a scroll of blinking {unknown}
 v - a scroll of enchant weapon {unknown}
Potions
 d - a potion of might
 e - a potion of flight {unknown}
 i - a potion of heal wounds {unknown}
 k - a potion of mutation {unknown}
 o - 2 potions of lignification {unknown}
 p - a potion of degeneration {unknown}
 r - 5 potions of curing
Comestibles
 f - 6 rations
 g - a chunk of flesh


   Skills:
 + Level 3.4 Fighting
 * Level 7.5 Maces & Flails
 + Level 3.4 Armour
 - Level 2.1 Dodging
 - Level 3.3 Shields


You had 3 spell levels left.
You knew the following spells:

 Your Spells              Type           Power        Failure   Level  Hunger
a - Regeneration          Chrm/Necr      #.........   100%        3    ####...

Your spell library contained the following spells:

 Spells                   Type           Power        Failure   Level  Hunger
 Animate Skeleton         Necr           N/A          100%        1    ##.....
 Apportation              Tloc           #.....       100%        1    ##.....
 Confusing Touch          Hex            #.....       100%        1    ##.....
 Pain                     Necr           #...         100%        1    ##.....
 Summon Small Mammal      Summ           #...         100%        1    ##.....
 Vampiric Draining        Necr           #.........   100%        3    ####...
 Animate Dead             Necr           N/A          100%        4    #####..


Dungeon Overview and Level Annotations

Branches:
Dungeon (4/15)
 Temple: D:4-7

Altars:


Innate Abilities, Weirdness & Mutations

You are resistant to torment.
Your stone body is resilient. (AC +4)
You are immune to poison.
You resist negative energy. (rN+)
You are resistant to electric shocks. (rElec)
You can survive without breathing.
You are immune to petrification.
You are immune to rotting.


Message History

You block the orc's attack.
The orc priest calls down the wrath of Beogh upon you.
Beogh smites you!
You closely miss the orc priest. You block the orc's attack.
The orc priest hits you with a +0 morningstar.
The orc hits you but does no damage.
You hit the orc priest but do no damage.
The orc priest zaps a wand.
You resist with some effort. The orc hits you but does no damage.
You sock the orc priest!
The orc priest is severely wounded.
The orc priest invokes the aid of Beogh against you.
Beogh smites you!
* * * LOW HITPOINT WARNING * * *
The orc hits you but does no damage.
You closely miss the orc priest.
The orc priest is severely wounded.
The orc priest calls down the wrath of Beogh upon you.
Beogh smites you!
You die...

....# #............
....# #...........
....####..........♣
...÷())...........♣ ♣
....####..........♣ .
....♣♣♣♣♣♣♣♣......♣
.P♣
...♣♣♣P♣.)♣♣......♣
♣P.♣
......P.♣P........♣P..
...♣P..♣♣♣♣♣....@o♣.♣
...♣♣♣♣♣
######oo'##### ....#
#............ ....#
#............ ....#
#............ ....#
#.:....>..... ....#
#............ ....#
#............ ....#
#.......o....


You could see an orc priest and 2 orcs.

Vanquished Creatures
  A water moccasin (D:4)
  A scorpion (D:4)
  A centaur skeleton (D:4)
  3 hounds
  An orc priest (D:4)
  3 orc wizards
  2 worker ants (D:4)
  A hound skeleton (D:4)
  10 adders
  An ooze (D:2)
  An adder skeleton (D:4)
  2 dart slugs (D:3)
  7 leopard geckos
  17 orcs
  8 bats
  3 giant cockroaches
  6 goblins
  9 hobgoblins
  4 jackals (D:3)
  6 kobolds
  3 quokkas
  A ball python (D:3)
  2 frilled lizards
  A jackal skeleton (D:4)
  9 rats
103 creatures vanquished.

Notes
Turn   | Place    | Note
-------+----------+-------------------------------------------
     0 | D:1      | Gildeon the Gargoyle Fighter began the quest for the Orb.
     0 | D:1      | Reached XP level 1. HP: 14/14 MP: 1/1
   206 | D:1      | Reached XP level 2. HP: 18/19 MP: 2/2
   266 | D:1      | Reached skill level 3 in Maces & Flails
   483 | D:1      | Reached XP level 3. HP: 23/23 MP: 3/3
   940 | D:2      | Reached skill level 4 in Maces & Flails
   942 | D:2      | Reached XP level 4. HP: 28/28 MP: 4/4
  1486 | D:3      | Reached skill level 5 in Maces & Flails
  1486 | D:3      | Reached XP level 5. HP: 31/32 MP: 5/5
  1989 | D:3      | Reached skill level 6 in Maces & Flails
  1992 | D:3      | Reached XP level 6. HP: 30/37 MP: 6/6
  2280 | D:4      | Noticed a water moccasin
  2314 | D:4      | Killed a water moccasin
  2684 | D:4      | Learned a level 3 spell: Regeneration
  2720 | D:4      | Reached XP level 7. HP: 36/41 MP: 7/7
  2773 | D:4      | Reached skill level 7 in Maces & Flails
  3179 | D:4      | HP: 2/41 [orc priest/divine providence (13)]
  3180 | D:4      | Killed from afar by an orc priest

Levels and vault maps discovered:
D:1:      nzn_arrival_crosshair, layout_loops_ring
D:2:      layout_loops_ring
D:3:      minmay_chambers_of_threes, layout_basic, minmay_crystal_water
D:4:      layout_basic, first_ration, serial_forest,
          infiniplex_forest_lined_corner, infiniplex_forest_lined_3_way,
          infiniplex_forest_end_2, infiniplex_forest_zigzag_2,
          infiniplex_forest_zigzag_1

Skill      XL: |  1  2  3  4  5  6  7 |
---------------+----------------------+-----
Maces & Flails | 3 4 5 6 7 |  7.5
Dodging        | 2 |  2.1
Fighting       | |  3.4
Armour         | |  3.4
Shields        | |  3.3

Action                   |  1- 3 |  4- 6 |  7- 9 || total
-------------------------+-------+-------+-------++-------
Melee: Flail             |   109 |   311 |       ||   420
       Morningstar       |       |    62 |    65 ||   127
  Use: Scroll            |       |     3 |       ||     3
  Eat: Chunk             |       |     7 |     2 ||     9
Armor: Scale mail        |    60 |    80 |       ||   140
       Chain mail        |       |   160 |    36 ||   196
Dodge: Dodged            |    32 |   102 |    23 ||   157
Block: Shield            |    53 |   221 |    30 ||   304
